[Event "Monday Night Engine Tour 13 Rd Swiss 3m+1s Starts at 2200hrs ST"]
[Site "Infinity Chess"]
[Date "2018.4.10"]
[Round "10"]
[White "TasicV"]
[Black "Vimtiroba"]
[Result "1/2-1/2"]
[ECO "C50"]
[WhiteElo "2372"]
[BlackElo "2539"]
[WhiteEngine "SugaR.XPrO.1.4.64.POCNT_CTG"]
[BlackEngine "SF9 ''A6''_CTG"]
[EventType "Swiss"]
[WhiteTeam ""]
[BlackTeam ""]
[PlyCount "150"]
[TimeControl "180+1"]

1. e4 e5 2. Nf3 Nc6 3. Bc4 Bc5 4. O-O d6 5. d3 Nf6 6. c3 a5 7. Bg5 Ba7 
8. Nbd2 h6 9. Bh4 g5 10. Bg3 O-O 11. Bb3 Be6 12. a4 Nd7 13. Bxe6 fxe6 
14. Qb3 Nc5 15. Qb5 Qf6 16. h3 h5 17. h4 gxh4 18. Bxh4 Qg7 19. Bg5 Bb6 
20. Be3 Rf6 21. Rfe1 Nd7 22. Bxb6 Nxb6 23. Kf1 Raf8 24. Ke2 Rg6 25. Qb3 Kf7 
26. Nh4 Rf6 27. Rh1 Ke8 28. Nhf3 Qf7 29. Rh2 Rg6 30. Rah1 Kd8 31. Ke1 Rh8 
32. g3 Rg4 33. Rh4 Rxh4 34. Rxh4 Qf6 35. Kf1 Kc8 36. d4 Nd7 37. Qc4 Rf8 
38. Kg2 exd4 39. cxd4 Qh6 40. Qd3 e5 41. dxe5 Ndxe5 42. Nxe5 dxe5 43. Nf3 Qg6 
44. Rh1 Kb8 45. Nh4 Qf7 46. Qf3 Qe8 47. Qc3 Qf7 48. Qf3 Qe8 49. Nf5 Nd4 
50. Qxh5 Qxa4 51. Nxd4 Qxd4 52. Qe2 a4 53. Qc2 Rf6 54. Rd1 Rxf2+ 55. Qxf2 Qxd1 
56. Qf8+ Ka7 57. Qc5+ Ka6 58. Qc4+ Kb6 59. Qb4+ Ka7 60. Qa5+ Kb8 61. Qxe5 b6 
62. Kh3 Qf3 63. Qe8+ Kb7 64. Qe5 Qd3 65. Kh4 Qd2 66. Kh5 Qh2+ 67. Kg5 c5 
68. Qd5+ Ka6 69. Qc4+ b5 70. Qc3 b4 71. Qd3+ Ka5 72. Qd8+ Kb5 73. Qd3+ Ka5 
74. Qd8+ Kb5 75. Qd3+ Ka5 1/2-1/2

[Event "Monday Night Engine Tour 13 Rd Swiss 3m+1s Starts at 2200hrs ST"]
[Site "Infinity Chess"]
[Date "2018.4.10"]
[Round "10"]
[White "Coco69"]
[Black "MarioDeMonti"]
[Result "1/2-1/2"]
[ECO "C55"]
[WhiteElo "2474"]
[BlackElo "2492"]
[WhiteEngine "asmFishW_2018-04-08_popcnt_CTG"]
[BlackEngine "stockfish_x64_bmi2_2018_02_18_CTG"]
[EventType "Swiss"]
[WhiteTeam ""]
[BlackTeam ""]
[PlyCount "103"]
[TimeControl "180+1"]

1. e4 e5 2. Nf3 Nc6 3. Bc4 Nf6 4. d3 Bc5 5. c3 d6 6. O-O O-O 7. Nbd2 a5 
8. Re1 h6 9. Nf1 a4 10. Ng3 Ra5 11. h3 Bb6 12. Qc2 Bd7 13. Rb1 Qe8 14. b4 axb3 
15. axb3 Be6 16. b4 Ra8 17. Bb3 Bxb3 18. Qxb3 Qe6 19. c4 Rfe8 20. Bd2 Nd7 
21. Nf5 Ne7 22. Ng3 Qg6 23. Nf1 Nc6 24. Ne3 Nd4 25. Nxd4 Bxd4 26. Nf5 Kh7 
27. Rf1 Ra6 28. Bc1 Rea8 29. Nxd4 exd4 30. Qd1 Ra2 31. Bb2 c5 32. bxc5 dxc5 
33. f4 Qc6 34. e5 Kg8 35. Qe1 Rb8 36. Rf2 Raa8 37. Bc1 b5 38. cxb5 Rxb5 
39. Rxb5 Qxb5 40. Qe4 Ra1 41. Rf1 Qb3 42. f5 f6 43. e6 Ne5 44. Re1 Kh7 
45. Bd2 Ra7 46. Re2 Qb5 47. Bf4 Nxd3 48. Bd6 Qa6 49. Bf8 Qb5 50. Bd6 Qa6 
51. Bf8 Qb5 52. Bd6 1/2-1/2

[Event "Monday Night Engine Tour 13 Rd Swiss 3m+1s Starts at 2200hrs ST"]
[Site "Infinity Chess"]
[Date "2018.4.10"]
[Round "10"]
[White "koalachess"]
[Black "RonWeasley"]
[Result "1/2-1/2"]
[ECO "C00"]
[WhiteElo "2377"]
[BlackElo "2533"]
[WhiteEngine "stockfish_9_x64_popcnt_CTG"]
[BlackEngine "BrainFish 090218_CTG"]
[EventType "Swiss"]
[WhiteTeam ""]
[BlackTeam ""]
[PlyCount "115"]
[TimeControl "180+1"]

1. e4 e6 2. e5 c5 3. b3 Be7 4. Bb2 Nh6 5. Nc3 O-O 6. Ne4 Nc6 7. Bb5 Nd4 
8. Bd3 f5 9. exf6 Bxf6 10. Nxf6+ Qxf6 11. Bxd4 Qxd4 12. Nf3 Qf4 13. Qe2 b6 
14. O-O Bb7 15. Ne5 Rad8 16. f3 Qd4+ 17. Kh1 Qh4 18. c3 d6 19. Nc4 e5 20. a4 Nf5 
21. Kg1 Ne7 22. Ne3 Qg5 23. g3 Bc8 24. Ng2 Ng6 25. a5 d5 26. axb6 axb6 
27. Bxg6 Qxg6 28. Qxe5 Rfe8 29. Qc7 Rd7 30. Qf4 Qc2 31. Ra8 d4 32. Re1 Rf8 
33. Qe4 Qxb3 34. Nf4 dxc3 35. dxc3 Rdd8 36. Qe5 h6 37. Ng6 Qc2 38. Ne7+ Kh7 
39. Rxc8 Rxc8 40. Nxc8 Rxc8 41. Re2 Qd3 42. Qe4+ Qxe4 43. Rxe4 Rb8 44. c4 b5 
45. cxb5 Kg6 46. h4 Rxb5 47. Kf2 Rb2+ 48. Ke3 Rb3+ 49. Kf4 Kf6 50. Re8 g5+ 
51. hxg5+ hxg5+ 52. Ke4 Rb4+ 53. Kd5 g4 54. Kxc5 Rb3 55. fxg4 Rc3+ 56. Kb4 Rxg3 
57. Rg8 Rg1 58. Rf8+ 1/2-1/2

[Event "Monday Night Engine Tour 13 Rd Swiss 3m+1s Starts at 2200hrs ST"]
[Site "Infinity Chess"]
[Date "2018.4.10"]
[Round "10"]
[White "Deep_Impact"]
[Black "ocirema"]
[Result "1/2-1/2"]
[ECO "C77"]
[WhiteElo "2526"]
[BlackElo "2515"]
[WhiteEngine "asmFishW_2018-04-07_bmi2"]
[BlackEngine "asmFishW_2018-04-08_popcnt_CTG"]
[EventType "Swiss"]
[WhiteTeam ""]
[BlackTeam ""]
[PlyCount "108"]
[TimeControl "180+1"]

1. e4 e5 2. Nf3 Nc6 3. Bb5 a6 4. Ba4 Nf6 5. O-O Be7 6. Re1 b5 7. Bb3 O-O 
8. c3 d6 9. h3 Bb7 10. d4 Re8 11. Nbd2 Bf8 12. a4 exd4 13. cxd4 h6 14. Bc2 Nb4 
15. Bb1 c5 16. d5 Nd7 17. Ra3 c4 18. Ree3 Nc5 19. axb5 axb5 20. b3 c3 
21. Rxc3 f5 22. Nd4 fxe4 23. Rg3 Qd7 24. f3 Rxa3 25. Bxa3 Nxd5 26. Nxe4 Nxe4 
27. fxe4 Nf6 28. Nf5 Nxe4 29. Nxh6+ Kh8 30. Bxe4 Bxe4 31. Qf1 Kh7 32. Nf7 Kg8 
33. Ng5 Bg6 34. Qc1 Qf5 35. Kh2 Qd5 36. Qc7 Re2 37. Bb4 Qd4 38. Qb7 Re3 
39. Rxe3 Qxe3 40. Qd5+ Kh8 41. Qxb5 Qf4+ 42. Kh1 d5 43. Bxf8 Qc1+ 44. Kh2 Qf4+ 
45. Kg1 Qe3+ 46. Kh2 Qf4+ 47. Kg1 Qe3+ 48. Kh2 Qe5+ 49. Kg1 Qd4+ 50. Kh1 Qa1+ 
51. Kh2 Qe5+ 52. Kg1 Qd4+ 53. Kh1 Qa1+ 54. Kh2 Qe5+ 1/2-1/2

[Event "Monday Night Engine Tour 13 Rd Swiss 3m+1s Starts at 2200hrs ST"]
[Site "Infinity Chess"]
[Date "2018.4.10"]
[Round "10"]
[White "MGR"]
[Black "THE_MACHINE"]
[Result "1/2-1/2"]
[ECO "A06"]
[WhiteElo "2523"]
[BlackElo "2582"]
[WhiteEngine "Eman 1.70-beta15 64-bit BMI2"]
[BlackEngine "BrainFish_180408_x64_bmi2"]
[EventType "Swiss"]
[WhiteTeam ""]
[BlackTeam ""]
[PlyCount "140"]
[TimeControl "180+1"]

1. Nf3 d5 2. b3 Bf5 3. Bb2 e6 4. g3 Nf6 5. Bg2 h6 6. O-O Nbd7 7. d3 Be7 
8. Re1 c6 9. Nbd2 Bg6 10. e4 O-O 11. e5 Ne8 12. Nd4 Nc7 13. Ne2 b5 14. a4 b4 
15. Nf4 Bh7 16. d4 a5 17. Nf3 Na6 18. h4 Rc8 19. Bf1 Nab8 20. Bd3 Kh8 21. Rc1 c5 
22. Bxh7 Kxh7 23. dxc5 Bxc5 24. c4 bxc3 25. Rxc3 Qb6 26. Qe2 Kg8 27. Rec1 Rc6 
28. Nd3 Qa6 29. Qd1 Ba7 30. Ba3 Rfc8 31. Qe1 Rxc3 32. Rxc3 Rxc3 33. Qxc3 Nc6 
34. Bd6 Bb8 35. Nd4 Nxd4 36. Qxd4 Bxd6 37. exd6 Qxd6 38. Qa7 Ne5 39. Nxe5 Qxe5 
40. Qxa5 Qe4 41. Qd8+ Kh7 42. a5 Qb1+ 43. Kg2 Qxb3 44. Qd6 Qb5 45. Qb6 Qa4 
46. a6 d4 47. Qb1+ f5 48. Qb6 Qa2 49. Qd6 Kg6 50. h5+ Kh7 51. g4 fxg4 52. Qc6 g3 
53. Qe4+ Kg8 54. Qa8+ Kh7 55. Kxg3 Qa3+ 56. Kf4 e5+ 57. Ke4 Qd6 58. a7 d3 
59. Ke3 Qd4+ 60. Kd2 e4 61. Qe8 Qxf2+ 62. Kc3 Qxa7 63. Qxe4+ Kg8 64. Qe8+ Kh7 
65. Kxd3 Qa3+ 66. Kc4 Qa2+ 67. Kc3 Qa1+ 68. Kc2 Qd4 69. Qg6+ Kh8 70. Qf7 Qe4+ 
1/2-1/2

[Event "Monday Night Engine Tour 13 Rd Swiss 3m+1s Starts at 2200hrs ST"]
[Site "Infinity Chess"]
[Date "2018.4.10"]
[Round "10"]
[White "Victorious"]
[Black "CoffeeOne"]
[Result "1/2-1/2 "]
[ECO "C55"]
[WhiteElo "2585"]
[BlackElo "2525"]
[WhiteEngine "Cfish_x64_060418_LTO_popcnt"]
[BlackEngine "cfish-extra"]
[EventType "Swiss"]
[WhiteTeam ""]
[BlackTeam ""]
[PlyCount "97"]
[TimeControl "180+1"]

1. e4 e5 2. Nf3 Nc6 3. Bc4 Nf6 4. d3 Bc5 5. O-O d6 6. c3 O-O 7. Re1 a5 
8. Nbd2 Be6 9. Bb5 Ne7 10. d4 Ba7 11. Nf1 Ng6 12. Be3 c6 13. Bd3 a4 14. Bc2 b5 
15. h3 h6 16. Ng3 Bb6 17. Qd2 Re8 18. b3 axb3 19. axb3 Qc7 20. Red1 Qb7 
21. c4 Rxa1 22. Rxa1 Ra8 23. Rc1 b4 24. Nf5 Qb8 25. Rd1 Ra2 26. Qc1 Bc7 
27. Re1 Qa8 28. Bb1 Ra5 29. Nh2 Ra1 30. Qc2 c5 31. d5 Bd7 32. Ng4 Ne8 33. g3 Bd8 
34. Bc1 Qc8 35. Bb2 Ra7 36. Qe2 Qc7 37. Rf1 Bc8 38. Kh2 Nf6 39. Nge3 Qd7 
40. f3 Ra6 41. f4 Qe8 42. Rg1 Bxf5 43. Nxf5 Nd7 44. Bc1 Bf6 45. Kh1 Kf8 
46. Rf1 Qd8 47. Bd2 Qa5 48. Be3 Qa3 49. Bc2 1/2-1/2

[Event "Monday Night Engine Tour 13 Rd Swiss 3m+1s Starts at 2200hrs ST"]
[Site "Infinity Chess"]
[Date "2018.4.9"]
[Round "9"]
[White "star99"]
[Black "MarioDeMonti"]
[Result "1/2-1/2"]
[ECO "D70"]
[WhiteElo "2438"]
[BlackElo "2494"]
[WhiteEngine "Cryptic Heroes 9.3B"]
[BlackEngine "stockfish_x64_bmi2_2018_02_18_CTG"]
[EventType "Swiss"]
[WhiteTeam ""]
[BlackTeam ""]
[PlyCount "70"]
[TimeControl "180+1"]

1. d4 Nf6 2. c4 g6 3. f3 c5 4. d5 d6 5. e4 Bg7 6. Ne2 e6 7. Bg5 exd5 8. cxd5 h6 
9. Be3 a6 10. a4 Nbd7 11. Nd2 Ne5 12. Ng3 h5 13. Be2 h4 14. Ngf1 O-O 15. g4 Ne8 
16. f4 Nd7 17. Nc4 Nb6 18. Nfd2 Nxc4 19. Nxc4 Nf6 20. Bf3 Re8 21. e5 dxe5 
22. fxe5 b5 23. axb5 Nxg4 24. Bxg4 Bxg4 25. Qxg4 axb5 26. Rxa8 Qxa8 27. Nd6 Rxe5 
28. O-O Rxe3 29. Nxf7 Qxd5 30. Qxg6 Rf3 31. Rxf3 Qxf3 32. Nh6+ Kh8 33. Nf7+ Kg8 
34. Nh6+ Kh8 35. Nf7+ Kg8 1/2-1/2

[Event "Monday Night Engine Tour 13 Rd Swiss 3m+1s Starts at 2200hrs ST"]
[Site "Infinity Chess"]
[Date "2018.4.9"]
[Round "9"]
[White "Dovahkiin"]
[Black "koalachess"]
[Result "0-1"]
[ECO "C02"]
[WhiteElo "2446"]
[BlackElo "2357"]
[WhiteEngine "Raubfisch ME262_GTZ16f_CTG"]
[BlackEngine "stockfish_9_x64_popcnt_CTG"]
[EventType "Swiss"]
[WhiteTeam ""]
[BlackTeam ""]
[PlyCount "150"]
[TimeControl "180+1"]

1. e4 e6 2. d4 d5 3. e5 c5 4. c3 Nc6 5. Nf3 Bd7 6. Be2 Nge7 7. O-O cxd4 
8. cxd4 Nf5 9. Nc3 a6 10. g4 Nh4 11. Nxh4 Qxh4 12. f4 Rc8 13. Be3 Na5 
14. Bf2 Qd8 15. Bd3 Bb4 16. Rc1 O-O 17. Qe2 Bxc3 18. Rxc3 Rxc3 19. bxc3 Bb5 
20. Bxb5 axb5 21. Rb1 Qc7 22. Be1 Nc4 23. Rxb5 Ra8 24. Rb4 Ra3 25. Rb1 Ra8 
26. Rc1 Qa5 27. Rc2 Qb6 28. h3 Qb1 29. Kh2 b5 30. f5 h6 31. Bf2 exf5 
32. gxf5 Na3 33. Rb2 Qxf5 34. Bg3 Ra6 35. Qg4 Qxg4 36. hxg4 Ra5 37. Be1 Nc4 
38. Rc2 Ra3 39. Kg3 g5 40. Rf2 Kg7 41. Rc2 Kg6 42. Kf2 f6 43. exf6 Ra6 
44. Re2 Rxf6+ 45. Kg3 Kf7 46. Rc2 Re6 47. Rc1 Kg6 48. Rb1 Re2 49. a3 Nxa3 
50. Ra1 Nc4 51. Rb1 h5 52. gxh5+ Kxh5 53. Kf3 Re8 54. Kf2 Nd6 55. Ra1 g4 
56. Kf1 Nf5 57. Kf2 Re3 58. Kf1 g3 59. Bd2 Rf3+ 60. Kg1 Kg4 61. Ra8 Rf2 
62. Rg8+ Kf3 63. Rf8 Ke2 64. Bc1 Nh4 65. Re8+ Kd1 66. Re3 Rg2+ 67. Kh1 Kxc1 
68. c4 dxc4 69. Ra3 Kb2 70. Re3 c3 71. Rxg3 Rxg3 72. Kh2 Rg2+ 73. Kh3 c2 
74. d5 c1=R 75. d6 Rh1# 0-1

[Event "Monday Night Engine Tour 13 Rd Swiss 3m+1s Starts at 2200hrs ST"]
[Site "Infinity Chess"]
[Date "2018.4.9"]
[Round "9"]
[White "OlivierEvan"]
[Black "TasicV"]
[Result "0-1"]
[ECO "A06"]
[WhiteElo "2475"]
[BlackElo "2351"]
[WhiteEngine "Houdini 6"]
[BlackEngine "SugaR.XPrO.1.4.64.POCNT_CTG"]
[EventType "Swiss"]
[WhiteTeam ""]
[BlackTeam ""]
[PlyCount "182"]
[TimeControl "180+1"]

1. Nf3 d5 2. b3 Nf6 3. Ba3 Bg4 4. Ne5 h5 5. h3 Bf5 6. e3 Nbd7 7. Nxd7 Qxd7 
8. d4 e6 9. Bxf8 Kxf8 10. Bd3 Rd8 11. O-O g5 12. Nc3 h4 13. Qd2 g4 14. hxg4 Bxd3 
15. Qxd3 Nxg4 16. Ne2 Ke7 17. f3 Nh6 18. Kf2 Nf5 19. Rh1 Rdg8 20. c4 Kd8 
21. Nf4 Rg5 22. Rac1 c6 23. Rh2 Qd6 24. Qc3 a6 25. Qa5+ Kc8 26. Qc5 Qc7 
27. Qa7 Rd8 28. Qa8+ Kd7 29. Qa7 dxc4 30. bxc4 Ke8 31. Rb1 Qa5 32. Rb2 Qc3 
33. Re2 Qb4 34. a3 Qb1 35. Re1 Qb2+ 36. Re2 Qb1 37. Re1 Qc2+ 38. Re2 Qxc4 
39. Qxb7 Rxd4 40. exd4 Qxd4+ 41. Ke1 Qxf4 42. Qxc6+ Ke7 43. Qc5+ Kf6 44. Rh3 Ng3 
45. Qc3+ Kg6 46. Qd3+ Kf6 47. Qc3+ Kg6 48. Qd3+ Kh6 49. Rd2 Rb5 50. Qc3 e5 
51. Rd1 Kg7 52. Rd3 a5 53. Re3 Rb1+ 54. Kd2 Kf6 55. Kc2 Rc1+ 56. Kxc1 Ne2+ 
57. Kb2 Nxc3 58. Rxc3 a4 59. Rh1 Qd2+ 60. Rc2 Qd4+ 61. Rc3 Qf2+ 62. Rc2 Qb6+ 
63. Ka1 Qe3 64. Rb2 Kg5 65. Ka2 f5 66. Rd1 Qc5 67. Kb1 Qxa3 68. Rd8 e4 
69. fxe4 fxe4 70. Rg8+ Kf4 71. Rf2+ Ke3 72. Rgf8 Qd3+ 73. Kb2 Qb3+ 74. Ka1 Qd1+ 
75. Kb2 Qd4+ 76. Kb1 a3 77. Ka2 Kd3 78. Kxa3 e3 79. R8f3 Kc3 80. Ka2 h3 
81. gxh3 Qc4+ 82. Ka1 Qd3 83. Rb2 Qd1+ 84. Ka2 Qxf3 85. Rb3+ Kc4 86. h4 Qd5 
87. Rb8 e2 88. Ka3 Qd6+ 89. Ka2 Qxb8 90. Ka1 e1=Q+ 91. Ka2 Qb3# 0-1

[Event "Monday Night Engine Tour 13 Rd Swiss 3m+1s Starts at 2200hrs ST"]
[Site "Infinity Chess"]
[Date "2018.4.9"]
[Round "9"]
[White "SkyPilot"]
[Black "Deep_Impact"]
[Result "0-1"]
[ECO "C55"]
[WhiteElo "2496"]
[BlackElo "2511"]
[WhiteEngine "stockfish_x64_bmi2_2018_04_07_CTG"]
[BlackEngine "asmFishW_2018-04-07_bmi2"]
[EventType "Swiss"]
[WhiteTeam ""]
[BlackTeam ""]
[PlyCount "254"]
[TimeControl "180+1"]

1. e4 e5 2. Nf3 Nc6 3. Bc4 Nf6 4. d3 Bc5 5. c3 a5 6. O-O d6 7. Re1 Ba7 
8. Nbd2 O-O 9. Nf1 Be6 10. Bb5 Ne7 11. d4 exd4 12. Nxd4 Ng6 13. Ba4 h6 
14. Nxe6 fxe6 15. Be3 Bxe3 16. Nxe3 Kh8 17. f3 Nh5 18. Kh1 Qg5 19. Bb3 Rae8 
20. Ng4 Nf6 21. Nf2 Ne5 22. Ba4 Re7 23. Nd3 Nxd3 24. Qxd3 e5 25. Bb3 h5 
26. Bc4 h4 27. a4 Nh5 28. Qe3 Nf4 29. Re2 Qh5 30. Rf2 g5 31. h3 Ra8 32. Rd2 Ree8 
33. Bd5 Reb8 34. b4 Qh6 35. Kg1 Kg7 36. Qf2 Qh5 37. Qf1 Qe8 38. b5 Qe7 
39. Re1 Nxd5 40. Rxd5 b6 41. Qe2 Rh8 42. Kf2 Rhf8 43. Ke3 Rf4 44. c4 Raf8 
45. Rh1 Re8 46. Kd2 Qe6 47. Kd3 Kg6 48. Kc3 Qf6 49. Rdd1 Rh8 50. Kb2 Qf7 
51. Rd3 Rf8 52. Rdd1 Qe8 53. Rdf1 Qe6 54. Qd3 Re8 55. Kb3 Rff8 56. Kb2 Rd8 
57. Rd1 Qf6 58. Kc3 Rg8 59. Kc2 Qf4 60. Qd5 Rge8 61. Rde1 Qg3 62. Re2 Qf4 
63. Rf1 Re7 64. Qd3 Kf6 65. Ree1 Qg3 66. Qe2 Ke6 67. Rc1 Kd7 68. Rcd1 Kc8 
69. Rd3 Qf4 70. Rh1 Kb7 71. Rd2 Rg7 72. Qd3 Ra8 73. Qd5+ Ka7 74. Qd3 Rf8 
75. Qe2 Rgf7 76. Kb2 Qf6 77. Kb3 Rb8 78. Qe3 Rg8 79. Kb2 Qe7 80. Rhd1 Qf6 
81. Qb3 Rgg7 82. Qd3 Qf4 83. Kc3 Kb8 84. c5 dxc5 85. Qd8+ Kb7 86. Rd3 Rf8 
87. Qd5+ Ka7 88. Kc2 Qf6 89. Qb3 Qe7 90. Qc4 Re8 91. Qd5 Qf6 92. Qc4 Rh7 
93. Qd5 Rf8 94. Qb3 Kb8 95. R1d2 Rhh8 96. Qc3 g4 97. fxg4 Qf1 98. Rd7 Rc8 
99. Kb2 Qe1 100. Rxc7 Rxc7 101. Rd8+ Rxd8 102. Qxe1 c4 103. Kc3 Rd3+ 
104. Kc2 Ka7 105. Qc1 Rd4 106. Kc3 Rxe4 107. Qg5 Rd7 108. Qf5 Re3+ 109. Kc2 Rc7 
110. Qg5 Re2+ 111. Kc3 e4 112. Qd8 Rb7 113. Qe8 Rxg2 114. Qxe4 Rg3+ 
115. Kxc4 Rd7 116. g5 Ra3 117. Qe8 Rxa4+ 118. Kb3 Rad4 119. Qe6 Rd3+ 
120. Kb2 R3d6 121. Qe5 Rd5 122. Qe8 Rxb5+ 123. Ka1 Rbd5 124. g6 R5d6 
125. Qg8 Rf6 126. Qe8 Rg7 127. Kb1 Rfxg6 0-1

[Event "Monday Night Engine Tour 13 Rd Swiss 3m+1s Starts at 2200hrs ST"]
[Site "Infinity Chess"]
[Date "2018.4.9"]
[Round "9"]
[White "CoffeeOne"]
[Black "Thinker"]
[Result "1-0"]
[ECO "C50"]
[WhiteElo "2510"]
[BlackElo "2496"]
[WhiteEngine "cfish-extra"]
[BlackEngine "BrainFish_180404_x64_modern_CTG"]
[EventType "Swiss"]
[WhiteTeam ""]
[BlackTeam ""]
[PlyCount "131"]
[TimeControl "180+1"]

1. e4 e5 2. Nf3 Nc6 3. Bc4 Bc5 4. O-O Nf6 5. d3 d6 6. c3 O-O 7. Nbd2 a5 
8. Re1 h6 9. Nf1 Be6 10. Bb5 Ne7 11. h3 c6 12. Ba4 b5 13. Bc2 a4 14. d4 exd4 
15. cxd4 Bb4 16. Re2 Nh5 17. g4 Nf6 18. Ng3 a3 19. Re3 axb2 20. Bxb2 Rxa2 
21. Qb1 Rxb2 22. Qxb2 c5 23. d5 Bd7 24. Ra6 Nc8 25. Rb3 Nb6 26. Bd3 Na4 
27. Qa1 Qc7 28. Bf1 Rd8 29. g5 hxg5 30. Qc1 Ne8 31. Nxg5 Nc3 32. Rxc3 Bxc3 
33. Qxc3 Bc8 34. Ra1 c4 35. Qf3 Qb7 36. Qe3 Qc7 37. Rb1 Qa5 38. Qf4 Rd7 
39. Qh4 Nf6 40. e5 dxe5 41. N3e4 Nxe4 42. Qh7+ Kf8 43. Nxe4 Qa6 44. d6 Rxd6 
45. Nxd6 Qxd6 46. Rxb5 Bd7 47. Rb7 Qd5 48. Rb8+ Ke7 49. Qh4+ Kd6 50. Bxc4 Qd1+ 
51. Bf1 Qd2 52. Qd8 Ke6 53. Rb6+ Kf5 54. Rb7 Qd6 55. Rxd7 Qg6+ 56. Kh2 Qf6 
57. Qf8 e4 58. Rxf7 Qxf7 59. Qxf7+ Ke5 60. Qd7 g6 61. Bc4 Kf6 62. h4 Ke5 
63. Qd8 e3 64. fxe3 g5 65. Qd5+ Kf6 66. Qxg5# 1-0

[Event "Monday Night Engine Tour 13 Rd Swiss 3m+1s Starts at 2200hrs ST"]
[Site "Infinity Chess"]
[Date "2018.4.9"]
[Round "9"]
[White "RonWeasley"]
[Black "Coco69"]
[Result "1/2-1/2"]
[ECO "D30"]
[WhiteElo "2536"]
[BlackElo "2471"]
[WhiteEngine "BrainFish 090218_CTG"]
[BlackEngine "asmFishW_2018-04-08_popcnt_CTG"]
[EventType "Swiss"]
[WhiteTeam ""]
[BlackTeam ""]
[PlyCount "90"]
[TimeControl "180+1"]

1. d4 d5 2. c4 e6 3. Nf3 Nf6 4. Nc3 c6 5. Bg5 h6 6. Bxf6 Qxf6 7. e3 Nd7 
8. Be2 g6 9. O-O Bg7 10. e4 dxe4 11. Nxe4 Qf4 12. Qc2 f5 13. Ned2 c5 14. g3 Qc7 
15. Nh4 Bxd4 16. Nxg6 Rg8 17. Nh4 Nf6 18. Ndf3 Rxg3+ 19. hxg3 Qxg3+ 20. Ng2 Ng4 
21. Qd2 Bxf2+ 22. Rxf2 Qxf2+ 23. Kh1 Bd7 24. Ne5 O-O-O 25. Nxg4 fxg4 26. Rd1 h5 
27. b3 b6 28. Qd3 Qf5 29. Kg1 Qxd3 30. Rxd3 Be8 31. Kf2 Rxd3 32. Bxd3 Kd7 
33. Kg3 Ke7 34. Nf4 Kf6 35. Kh4 Ke5 36. Ne2 a6 37. Bc2 Bf7 38. Bh7 Be8 
39. Kg3 Bf7 40. Bb1 Be8 41. Nf4 Bf7 42. Bh7 Kd4 43. Ne2+ Ke5 44. Nf4 Kd4 
45. Ne2+ Ke5 1/2-1/2

[Event "Monday Night Engine Tour 13 Rd Swiss 3m+1s Starts at 2200hrs ST"]
[Site "Infinity Chess"]
[Date "2018.4.9"]
[Round "9"]
[White "ocirema"]
[Black "MGR"]
[Result "1/2-1/2"]
[ECO "C43"]
[WhiteElo "2515"]
[BlackElo "2523"]
[WhiteEngine "asmFishW_2018-04-08_popcnt_CTG"]
[BlackEngine "Eman 1.70-beta15 64-bit BMI2"]
[EventType "Swiss"]
[WhiteTeam ""]
[BlackTeam ""]
[PlyCount "104"]
[TimeControl "180+1"]

1. e4 e5 2. Nf3 Nf6 3. d4 Nxe4 4. Nxe5 d5 5. Nd2 Bd6 6. Nxe4 dxe4 7. Nc4 O-O 
8. Be2 f5 9. Nxd6 cxd6 10. Bf4 g5 11. Bd2 f4 12. d5 Bf5 13. Bc3 Nd7 14. Bg4 Qe7 
15. Bxf5 Rxf5 16. Qd4 Nf6 17. O-O-O b5 18. h4 g4 19. Qb4 Nxd5 20. Qxb5 Qe6 
21. Qb3 Re8 22. Bd4 a5 23. Rhe1 e3 24. a3 h5 25. Rd3 Qf7 26. c4 exf2 
27. Rxe8+ Qxe8 28. Bxf2 Qe2 29. Rxd5 Rxd5 30. Qb8+ Kf7 31. Qb7+ Kf8 
32. Qxd5 Qxf2 33. Qxd6+ Kf7 34. Qd7+ Kf8 35. Qd5 Ke7 36. b3 f3 37. Qe5+ Kd7 
38. g3 Qf1+ 39. Kd2 Qg2+ 40. Kd1 f2 41. Qd4+ Kc6 42. Qf6+ Kc7 43. Qe7+ Kb6 
44. Qd6+ Ka7 45. Qc5+ Kb8 46. Qf8+ Ka7 47. Qc5+ Kb8 48. Qd6+ Ka7 49. Qd7+ Kb6 
50. Qe6+ Kb7 51. Qd7+ Kb6 52. Qd6+ Ka7 1/2-1/2

[Event "Monday Night Engine Tour 13 Rd Swiss 3m+1s Starts at 2200hrs ST"]
[Site "Infinity Chess"]
[Date "2018.4.9"]
[Round "9"]
[White "MCDermont"]
[Black "THE_MACHINE"]
[Result "1/2-1/2 "]
[ECO "C50"]
[WhiteElo "2523"]
[BlackElo "2584"]
[WhiteEngine "BrainFish 090218"]
[BlackEngine "BrainFish_180408_x64_bmi2"]
[EventType "Swiss"]
[WhiteTeam ""]
[BlackTeam ""]
[PlyCount "277"]
[TimeControl "180+1"]

1. e4 e5 2. Nf3 Nc6 3. Bc4 Bc5 4. O-O Nf6 5. d3 a5 6. c3 d6 7. Nbd2 O-O 
8. Re1 Be6 9. Bb5 Ne7 10. d4 Ba7 11. Nf1 exd4 12. Nxd4 Ng6 13. Ba4 d5 
14. exd5 Nxd5 15. Ng3 c6 16. Bc2 Bd7 17. Bb3 Be6 18. Bc2 Bd7 19. Bb3 Be6 
20. Nxe6 fxe6 21. Ne4 Qe7 22. Qc2 a4 23. Bxa4 Ne5 24. Qe2 Nf4 25. Bxf4 Rxf4 
26. Bb3 Kh8 27. g3 Nf3+ 28. Kg2 Nxe1+ 29. Rxe1 Rf5 30. h4 Raf8 31. Rf1 h6 
32. a4 Qd7 33. Bc2 Qd5 34. f3 Qd7 35. b4 Rd5 36. a5 e5 37. Rb1 Rd8 38. Rb2 b5 
39. Rb1 Qe7 40. Rh1 R5d7 41. Kh3 Qf7 42. Re1 Qe6+ 43. Kh2 g6 44. Bb1 Qf7 
45. Kg2 Qe6 46. Bc2 Kg7 47. Bb1 Qe7 48. Kh3 Kh8 49. g4 Rf8 50. g5 Rf4 
51. Rh1 hxg5 52. Nxg5 Rd5 53. Ba2 Rd6 54. Kg2 e4 55. Nxe4 Rd8 56. Bb3 Kg7 
57. Rd1 Rxd1 58. Bxd1 Rxh4 59. Nf2 Qd6 60. Ng4 Rh5 61. Bb3 Bb8 62. Qf2 Kf8 
63. a6 c5 64. bxc5 Rxc5 65. Qh4 Rh5 66. Qf6+ Qxf6 67. Nxf6 Rh2+ 68. Kg1 Rb2 
69. Bd5 Ke7 70. Ne4 Kd7 71. Bf7 Kc7 72. Bxg6 Kb6 73. Kf1 Kxa6 74. Ke1 Be5 
75. Nc5+ Ka5 76. Ne4 Kb6 77. Bf5 Bf4 78. Kd1 Rh2 79. Be6 Rb2 80. Bd5 Rg2 
81. Be6 Ka7 82. Ke1 Be5 83. Bd7 Rb2 84. Kd1 Bf4 85. Ke1 Be5 86. Kd1 Kb6 
87. Ke1 Bf4 88. Bh3 Ra2 89. Be6 Rc2 90. Kd1 Rg2 91. Ke1 Kc6 92. Kd1 Kb6 
93. Nf6 Bg5 94. Ne4 Bh6 95. Bd7 Rb2 96. Be6 Bf4 97. Ke1 Rg2 98. Bh3 Rc2 
99. Be6 Rg2 100. Kf1 Rb2 101. Bd7 Bh2 102. Ke1 Be5 103. Be6 Bf4 104. Bf5 Rc2 
105. Nf6 Rd2 106. Be6 Bh6 107. f4 Rh2 108. f5 Bg5 109. Ne4 Be7 110. f6 Rh6 
111. Bg4 Bxf6 112. Nxf6 Rxf6 113. Kd2 Ka5 114. Bd1 Kb6 115. Bg4 Rd6+ 
116. Kc2 Rg6 117. Bf3 Kc5 118. Kd2 Rg3 119. Bd1 Rg5 120. Kc2 Rd5 121. Be2 Rf5 
122. Bd1 Rf2+ 123. Kd3 Ra2 124. Bg4 Kb6 125. Be6 Rf2 126. Bg8 Kc7 127. Bh7 Rf7 
128. Be4 Re7 129. Bf3 Kd6 130. c4 b4 131. Kc2 Kc5 132. Bd5 Re2+ 133. Kb3 Re1 
134. Kc2 Re5 135. Kb3 Re1 136. Bf7 Ra1 137. Bd5 Rb1+ 138. Ka2 Re1 139. Kb3 
1/2-1/2

[Event "Monday Night Engine Tour 13 Rd Swiss 3m+1s Starts at 2200hrs ST"]
[Site "Infinity Chess"]
[Date "2018.4.9"]
[Round "9"]
[White "Vimtiroba"]
[Black "Victorious"]
[Result "1/2-1/2"]
[ECO "D02"]
[WhiteElo "2537"]
[BlackElo "2587"]
[WhiteEngine "SF9 ''A6''_CTG"]
[BlackEngine "Cfish_x64_060418_LTO_popcnt"]
[EventType "Swiss"]
[WhiteTeam ""]
[BlackTeam ""]
[PlyCount "81"]
[TimeControl "180+1"]

1. d4 d5 2. Nf3 Nf6 3. c4 c6 4. Nc3 e6 5. e3 Nbd7 6. Qc2 Bd6 7. Bd3 O-O 
8. O-O dxc4 9. Bxc4 b5 10. Bd3 Bb7 11. e4 e5 12. Rd1 Re8 13. dxe5 Nxe5 
14. Nxe5 Bxe5 15. a4 Qc7 16. h3 a6 17. Be3 Bh2+ 18. Kh1 Bd6 19. f3 Rad8 
20. Qf2 Bg3 21. Qg1 Qe7 22. Ne2 Bb8 23. Rac1 Nh5 24. Bb6 Rd7 25. Qc5 Qh4 
26. Qf5 Nf6 27. Be3 Bc8 28. Qc5 Ba7 29. Bg5 Nxe4 30. fxe4 Qh5 31. Qxc6 Qxg5 
32. Bxb5 Red8 33. Rxd7 Bxd7 34. Qxa6 Bxh3 35. gxh3 Qe3 36. Qc8 Qf3+ 37. Kh2 Bb8+ 
38. Kg1 Ba7+ 39. Kh2 Bb8+ 40. Kg1 Ba7+ 41. Kh2 1/2-1/2